 Dungeon Crawl Stone Soup version 0.26.1-11-gd32895ea62 (webtiles) character file.

Game seed: 1126942388281118835

266 Zeld the Sneak (level 6, 30/30 HPs)
             Began as a Spriggan Brigand on June 4, 2021.
             Was an Initiate of Wu Jian.
             Quit the game on level 2 of the Dungeon.
             The game lasted 00:03:55 (3335 turns).

Zeld the Sneak (Spriggan Brigand)                   Turns: 3335, Time: 00:03:55

Health: 30/30      AC:  5    Str:  8    XL:     6   Next: 0%
Magic:  7/7        EV: 17    Int: 13    God:    Wu Jian [......]
Gold:   157        SH:  0    Dex: 18    Spells: 5/5 levels left

rFire    . . .     SeeInvis +   a - +2 dagger
rCold    . . .     Faith    .   (shield restricted)
rNeg     . . .     Spirit   .   b - +0 robe
rPois    .         Reflect  .   (helmet restricted)
rElec    .         Harm     .   u - +2 cloak
rCorr    .         Rampage  .   (gloves unavailable)
Will     +....                  (boots unavailable)
Stlth    +++.......             (no amulet)
HPRegen  0.10/turn              (no ring)
MPRegen  0.10/turn              (no ring)

@: very quick
A: very small, unfitting armour, see invisible, speed 3
a: Renounce Religion


You were on level 2 of the Dungeon.
You worshipped Wu Jian.
Wu Jian was noncommittal.
You visited 1 branch of the dungeon, and saw 3 of its levels.

You collected 157 gold pieces.

Inventory:

Hand Weapons
 a - a +2 dagger (weapon)
Missiles
 d - 20 poisoned darts (quivered)
 e - 2 curare-tipped darts
Armour
 b - a +0 robe (worn)
 u - a +2 cloak (worn)
Jewellery
 k - an uncursed ring of willpower {unknown}
Wands
 t - a wand of iceblast (8)
Scrolls
 j - a scroll of identify {unknown}
 l - a scroll of random uselessness {unknown}
 o - a scroll of fog {unknown}
 p - a scroll of amnesia {unknown}
 q - a scroll of enchant weapon {unknown}
 r - a scroll of remove curse {unknown}
 s - a scroll of teleportation {unknown}
Potions
 f - a potion of curing {unknown}
 g - a potion of haste {unknown}
 h - 2 potions of invisibility {unknown}
 i - a potion of degeneration {unknown}
 m - 2 potions of heal wounds {unknown}
 n - a potion of attraction {unknown}


   Skills:
 - Level 1.5 Fighting
 * Level 5.1 Short Blades
 * Level 4.6 Throwing
 - Level 1.5 Dodging
 - Level 5.8 Stealth


You had 5 spell levels left.
You didn't know any spells.
Your spell library was empty.

Dungeon Overview and Level Annotations

Branches:
Dungeon (3/15)

Altars:
Qazlal
Sif Muna
Wu Jian


Innate Abilities, Weirdness & Mutations

You are very small and have problems with some larger weapons.
You are too small for most types of armour.
You have supernaturally acute eyesight. (SInv)
You cover ground extremely quickly.


Message History

You start putting on your armour.
You continue putting on your embroidered cloak. x5
You finish putting on your +2 cloak.
Drop what? 21/52 slots (_ for help) (? for menu, Esc to quit)
You drop a +0 cloak.
There is a stone staircase leading up here.
Search for what [Enter for "armor", or ? for help]?
You climb upwards.
A hobgoblin comes into view. It is wielding a +0 club.
Found a dagger.
There is a stone staircase leading down here.
The helpless hobgoblin fails to defend itself.
You spit the hobgoblin like a pig!!!
You kill the hobgoblin!
The Council accepts your kill.
You have reached level 6!
Your experience leads to an increase in your attributes!
Increase (S)trength, (I)ntelligence, or (D)exterity?
You feel stronger.
Are you sure you want to abandon this character and quit the game? (Confirm with "yes".)

###
##..).###. #
#......#≈ #
........ #
...... #
##....## ###
#......# #..
####.)....#
######..
#.....@.#
#.......
#.......#
########
#.........
#####
####.##.##.#
#.... #. ..
.. #.#.# #.
### ## #.#.#
. ####.#.. .
#.......
#.##....


There were no monsters in sight!

Vanquished Creatures
  Sigmund (D:2)
  Ijyb (D:3)
  3 adders
  An ooze (D:3)
  A worm (D:2)
  2 dart slugs (D:1)
  2 leopard geckos (D:1)
  An orc (D:3)
  A ball python (D:1)
  7 bats
  2 giant cockroaches (D:1)
  7 goblins
  2 hobgoblins
  5 jackals
  6 kobolds
  2 frilled lizards
  6 rats
50 creatures vanquished.

Vanquished Creatures (others)
  A kobold (D:3)
  14 plants (D:2)
15 creatures vanquished.

Grand Total: 65 creatures vanquished

Notes
Turn   | Place    | Note
-------+----------+-------------------------------------------
     0 | D:1      | Zeld the Spriggan Brigand began the quest for the Orb.
     0 | D:1      | Reached XP level 1. HP: 10/10 MP: 2/2
   334 | D:1      | Reached XP level 2. HP: 14/14 MP: 3/3
   902 | D:1      | Reached XP level 3. HP: 15/18 MP: 4/4
  1454 | D:2      | Noticed Sigmund
  1722 | D:2      | Killed Sigmund
  1723 | D:2      | Reached XP level 4. HP: 12/22 MP: 5/5
  1723 | D:2      | Reached XP level 5. HP: 14/25 MP: 6/6
  1924 | D:2      | Found a stormy altar of Qazlal.
  1931 | D:2      | Found an ornate altar of the Wu Jian Council.
  1931 | D:2      | Found a shimmering blue altar of Sif Muna.
  2005 | D:2      | Became a worshipper of the Wu Jian Council
  2277 | D:3      | Noticed Ijyb
  2714 | D:3      | Killed Ijyb
  2715 | D:3      | Reached skill level 5 in Short Blades
  3335 | D:2      | Reached XP level 6. HP: 30/30 MP: 7/7
  3335 | D:2      | Quit the game

Illustrated notes

Levels and vault maps discovered:
D:1:      enne_arrival_octagon_isle, layout_basic, minmay_close_crescents
D:2:      wad_lake_hut, layout_loops_cross, grunt_temple_overflow_open,
          uniq_sigmund
D:3:      minmay_wonky_spiral, layout_basic, roderic_lattice_a, uniq_ijyb

Skill      XL: |  1  2  3  4  5 |
---------------+----------------+-----
Short Blades   | 3 4 5 |  5.1
Throwing       | 4 |  4.6
Fighting       | |  1.5
Dodging        | |  1.5
Stealth        | |  5.8

Action                   |  1- 3 |  4- 6 || total
-------------------------+-------+-------++-------
Melee: Dagger            |   107 |    85 ||   192
Invok: Lunge             |       |     7 ||     7
 Stab: Sleeping          |     8 |     8 ||    16
       Distracted        |     2 |     1 ||     3
Armor: Robe              |    16 |     5 ||    21
Dodge: Dodged            |    74 |    33 ||   107
